 Dungeon Crawl Stone Soup version 0.22.1-6-g1668fe2 (webtiles) character file.

4715 nightchill the Slicer (level 10, 0/55 HPs)
             Began as a Vine Stalker Fighter on Jan 23, 2019.
             Was a Priest of Uskayaw.
             Killed from afar by a gargoyle (11 damage)
             ... with a stone arrow
             ... on level 9 of the Dungeon.
             The game lasted 00:38:36 (7743 turns).

nightchill the Slicer (Vine Stalker Fighter)        Turns: 7743, Time: 00:38:37

Health: 0/55       AC:  7    Str: 20    XL:     10   Next: 45%
Magic:  0/21       EV:  7    Int:  8    God:    Uskayaw [***...]
Gold:   583        SH:  9    Dex: 16    Spells: 23/23 levels left

rFire    . . .     SeeInvis .   y - +1 dagger (elec)
rCold    . . .     Gourm    .   c - +0 shield
rNeg     . . .     Faith    +   b - +0 scale mail
rPois    .         Spirit   +   (no helmet)
rElec    .         Reflect  .   (no cloak)
rCorr    .         Harm     .   t - +0 pair of gloves
MR       ++...                  (no boots)
Stlth    ..........             B - amulet of faith
HPRegen  0.58/turn              h - ring of protection from magic
MPRegen  0.17/turn              r - ring of flight

@: no status effects
A: fangs 3, regeneration 1, magic shield, antimagic bite, no potion heal 3, rot
immunity
a: Stomp, Line Pass, Renounce Religion, Evoke Flight


You were on level 9 of the Dungeon.
You worshipped Uskayaw.
Uskayaw was noncommittal.
You were near starving.

You visited 2 branches of the dungeon, and saw 10 of its levels.
You also visited: Sewer.

You collected 583 gold pieces.

Inventory:

Hand Weapons
 a - a +0 rapier
 w - a +1 blowgun
 y - a +1 dagger of electrocution (weapon)
Missiles
 i - 167 stones (quivered)
 p - 67 sling bullets
 q - 16 tomahawks
 s - 10 tomahawks of returning
 u - 6 needles of confusion
 x - 13 poisoned needles
Armour
 b - a +0 scale mail (worn)
 c - a +0 shield (worn)
 t - a +0 pair of gloves (worn)
Magical Staves
 l - an uncursed staff of death
Jewellery
 h - a ring of protection from magic (left hand)
 k - an uncursed ring of ice
 r - a ring of flight (right hand)
 B - an amulet of faith (around neck)
Wands
 F - a wand of polymorph (21)
 J - a wand of digging (18)
Scrolls
 g - 7 scrolls of remove curse
 j - 3 scrolls of identify
 m - 2 scrolls of amnesia
 n - 5 scrolls of enchant weapon
 C - 3 scrolls of fear
Potions
 d - 4 potions of might
 e - 3 potions of lignification
 o - a potion of invisibility {unknown}
 v - 2 potions of curing
 A - a potion of agility
 D - a potion of haste {unknown}
 E - 5 potions of flight
 G - a potion of resistance {unknown}
 H - a potion of cancellation {unknown}
 I - a potion of berserk rage
Miscellaneous
 z - a fan of gales (inert)
Comestibles
 f - 17 rations
 K - 10 chunks of flesh


   Skills:
 + Level 7.2 Fighting
 * Level 9.6 Short Blades
 - Level 2.4 Armour
 - Level 2.6 Shields
 + Level 7.1 Spellcasting
 + Level 3.6 Invocations


You had 23 spell levels left.
You didn't know any spells.
Your spell library contained the following spells:

 Spells                   Type           Power        Failure   Level  Hunger
 Beastly Appendage        Tmut           #.....       97%         1    None
 Sticks to Snakes         Tmut           #.......     99%         2    ##.....
 Spider Form              Tmut/Pois      #.........   100%        3    ###....
 Ice Form                 Ice/Tmut       #.......     100%        4    ####...
 Blade Hands              Tmut           #.........   100%        5    ######.


Dungeon Overview and Level Annotations

Branches:
Dungeon (9/15)             Temple (1/1) D:7
   Lair: D:8-11         Orc: D:9-12

Altars:
Ashenzari
Cheibriados
Dithmenos
Elyvilon
Fedhas
Gozag
Hepliaklqana
Kikubaaqudgha
Makhleb
Nemelex Xobeh
Okawaru
Qazlal
Ru
Sif Muna
Trog
Uskayaw
Wu Jian
Xom
Yredelemnul
Zin
The Shining One

Shops:
D:4 ([:?   D:5 =

Annotations:
D:1 exclusion: 2 downstairs
D:2 exclusion: downstairs
D:3 exclusion: downstairs
D:6 exclusion: electric eel
D:7 2 transporters, ThisFiasco's ghost, novice KoBe


Innate Abilities, Weirdness & Mutations

You have razor-sharp teeth.
Your natural rate of healing is unusually fast.
When hurt, damage is shared between your health and your magic reserves.
Your bite disrupts and absorbs the magic of your enemies.
Potions cannot restore your health.
You are immune to rotting.


Message History

The hungry ghost completely misses you.
You hear a distant slurping noise.
You hit the gargoyle but do no damage. You bite the gargoyle.
You drain its power.
You feel invigorated.
The gargoyle is lightly damaged.
You block the gargoyle's attack. The hungry ghost hits you.
* * * LOW HITPOINT WARNING * * *
You are near starving!
You block the gargoyle's attack. You block the hungry ghost's attack.
A crimson imp comes into view.
The gargoyle hurls a stone arrow at you.
The stone arrow hits you!
* * * LOW HITPOINT WARNING * * *
The crimson imp hits you but does no damage.
The hungry ghost hits you.
You feel somewhat more hungry.
You closely miss the crimson imp.
You bite the crimson imp, but do no damage.
The gargoyle hurls a stone arrow at you.
The stone arrow hits you!
You die...

#.....†# #......# #......#
#...>..#####+#########+#######
#.............................
#......>......................
#..................>..........
#.........9.W.......######....
#............@5.....#....#....
#......###########..'....#....
####......# #..#....#....
..........# #..#....#....
..........# #..#....#....
#########.# #..######.... ###
#..)†........ #############


You could see a hungry ghost, a gargoyle and a crimson imp.

Vanquished Creatures
  A hippogriff (D:9)
  A human (D:7)
  4 hogs (D:7)
  A wyvern (D:8)
  A hungry ghost (D:7)
  A water moccasin (D:7)
  2 phantoms
  A sky beast (D:5)
  2 orc warriors (D:5)
  3 ogres
  4 centaurs
  5 bullfrogs
  A big kobold (D:8)
  A gnoll sergeant (D:5)
  3 scorpions
  9 wights
  7 howler monkeys
  4 crimson imps
  A quasit (D:8)
  A bullfrog zombie (D:7)
  2 jellies
  2 orc priests (D:8)
  3 hounds
  2 bullfrog skeletons
  A centaur skeleton (D:4)
  2 iguanas
  5 orc wizards
  5 worker ants
  A hound skeleton (D:4)
  A howler monkey skeleton (D:6)
  4 gnolls
  A river rat (Sewer)
  16 adders
  2 oozes
  3 worms
  3 dart slugs
  8 leopard geckos
  27 orcs
  4 ball pythons
  6 bats
  3 giant cockroaches
  8 goblins
  5 hobgoblins
  19 jackals
  17 kobolds
  5 quokkas
  6 frilled lizards
  2 jackal skeletons (D:5)
  A quokka skeleton (D:8)
  8 rats
  A plant (D:7)
226 creatures vanquished.

Notes
Turn   | Place    | Note
-------+----------+-------------------------------------------
     0 | D:1      | nightchill the Vine Stalker Fighter began the quest for the
                  | Orb.
     0 | D:1      | Reached XP level 1. HP: 11/11 MP: 2/2
    33 | D:1      | Reached skill level 2 in Short Blades
    90 | D:1      | Reached XP level 2. HP: 12/16 MP: 3/3
   417 | D:1      | Reached skill level 1 in Spellcasting
   508 | D:1      | Reached XP level 3. HP: 19/20 MP: 5/5
  1038 | D:1      | Gained mutation: Your natural rate of healing is unusually
                  | fast. [Vine Stalker growth]
  1038 | D:1      | Reached XP level 4. HP: 22/24 MP: 5/7
  1082 | D:2      | Reached skill level 3 in Short Blades
  1455 | D:2      | Found a sparkling altar of Nemelex Xobeh.
  1455 | D:2      | Found an opulent altar of Gozag.
  1736 | D:3      | Found a bloodstained altar of Trog.
  1758 | D:3      | Reached XP level 5. HP: 28/28 MP: 7/9
  1859 | D:3      | Found a glowing silver altar of Zin.
  2468 | D:3      | Reached skill level 4 in Short Blades
  2470 | D:3      | Reached XP level 6. HP: 21/33 MP: 8/10
  2562 | D:4      | Found Kaupni's Book Boutique.
  2574 | D:4      | Found Puoshroot's Magic Scroll Shop.
  2815 | D:4      | Found Igivant Sywa's Armour Shop.
  3085 | D:4      | Found Wiparuat's Antique Weapon Shop.
  3310 | D:5      | Entered Level 5 of the Dungeon
  3435 | D:5      | Noticed a phantom
  3441 | D:5      | Reached XP level 7. HP: 37/37 MP: 12/12
  3477 | D:4      | Reached skill level 5 in Short Blades
  3533 | D:5      | Found a glowing drain.
  3629 | D:5      | Gained mutation: You have razor-sharp teeth. [Vine Stalker
                  | growth]
  3629 | D:5      | Reached XP level 8. HP: 17/42 MP: 8/15
  3720 | D:5      | Reached skill level 6 in Short Blades
  3781 | D:5      | Reached skill level 5 in Fighting
  3804 | Sewer    | Entered a sewer
  4303 | D:5      | Reached skill level 7 in Short Blades
  4463 | D:5      | Reached skill level 5 in Spellcasting
  4552 | D:5      | Found Juehuxon's Jewellery Shoppe.
  4562 | D:5      | Found a shimmering altar of Xom.
  4563 | D:5      | Found a burning altar of Makhleb.
  4928 | D:6      | Reached XP level 9. HP: 48/48 MP: 17/17
  5442 | D:7      | Found a transporter.
  5557 | D:7      | Reached skill level 8 in Short Blades
  5717 | D:7      | Found a transporter.
  5718 | D:7      | Noticed ThisFiasco's ghost (novice KoBe)
  5743 | D:7      | Found a staircase to the Ecumenical Temple.
  5886 | Temple   | Entered the Ecumenical Temple
  5990 | Temple   | Became a worshipper of Uskayaw the Reveler
  6069 | D:7      | Reached * piety under Uskayaw
  6071 | D:7      | Reached ** piety under Uskayaw
  6266 | D:7      | Reached skill level 1 in Invocations
  6272 | D:7      | Reached *** piety under Uskayaw
  6275 | D:7      | Reached **** piety under Uskayaw
  6278 | D:7      | Reached ***** piety under Uskayaw
  6573 | D:7      | Reached skill level 9 in Short Blades
  6573 | D:7      | Reached XP level 10. HP: 53/53 MP: 20/20
  7181 | D:8      | Reached ****** piety under Uskayaw
  7239 | D:8      | Found an opulent altar of Gozag.
  7698 | D:9      | Noticed a gargoyle
  7743 | D:9      | Killed from afar by a gargoyle

Skill      XL: |  1  2  3  4  5  6  7  8  9 10 |
---------------+-------------------------------+-----
Short Blades   | 2 3 4 5 7 9 |  9.6
Spellcasting   | 1 2 3 4 5 6 7 |  7.1
Fighting       | 3 4 5 6 7 |  7.2
Invocations    | 2 3 |  3.6
Armour         | |  2.4
Shields        | |  2.6

Action                   |  1- 3 |  4- 6 |  7- 9 | 10-12 || total
-------------------------+-------+-------+-------+-------++-------
Melee: Rapier            |    76 |   163 |       |       ||   239
       Bite              |    19 |    72 |   133 |    76 ||   300
       Dagger            |       |    34 |   360 |   218 ||   612
Invok: Line Pass         |       |       |     1 |       ||     1
Evoke: Fan of gales      |       |       |     1 |       ||     1
  Use: Scroll            |       |    11 |     7 |       ||    18
 Stab: Paralysed         |       |       |     1 |     9 ||    10
  Eat: Chunk             |       |     8 |     8 |     3 ||    19
       Ration            |       |       |     1 |     1 ||     2
Armor: Scale mail        |    37 |    73 |    81 |    47 ||   238
Dodge: Dodged            |    22 |    53 |    72 |    36 ||   183
Block: Shield            |    32 |    77 |   124 |    71 ||   304
